 Dungeon Crawl Stone Soup version 0.18-a0-1308-g45b86c9 (webtiles) character file.

133 Oddball22 the Purveyor of Pain (level 5, -2/24 HPs)
             Began as a Vine Stalker Necromancer on Feb 13, 2016.
             Was an Initiate of Kikubaaqudgha.
             Slain by an orc priest
             ... wielding a +0 club
              (4 damage)
             ... on level 3 of the Dungeon.
             The game lasted 00:10:59 (2783 turns).

Oddball22 the Purveyor of Pain (VSNe)               Turns: 2783, Time: 00:10:59

Health: -2/24      AC:  5    Str: 10    XL:     5   Next: 16%
Magic:  0/11       EV: 12    Int: 16    God:    Kikubaaqudgha [......]
Gold:   152        SH:  0    Dex: 15    Spells: 4 memorised, 2 levels left

rFire  . . .     SeeInvis .     (no weapon)
rCold  . . .     Gourm    +     a - +0 robe
rNeg   . . .     Faith    .     (no shield)
rPois  .         Spirit   +     (no helmet)
rElec  .         Dismiss  .     m - +0 cloak
rCorr  .         Reflect  .     (no gloves)
SustAt .         Harm     .     l - +1 pair of boots
MR     .....                    p - amulet of the gourmand
Stlth  ++........               (no ring)
                                d - -3 ring of slaying (curse)

@: not resistant to hostile enchantments, unstealthy
A: fangs 2, regeneration 1, magic shield, antimagic bite, no device heal 3, rot
immunity
a: Renounce Religion


You were on level 3 of the Dungeon.
You worshipped Kikubaaqudgha.
Kikubaaqudgha was noncommittal.
You were hungry.

You visited 1 branch of the dungeon, and saw 4 of its levels.

You collected 152 gold pieces.

Inventory:

Armour
 a - a +0 robe (worn)
 l - a +1 pair of boots (worn)
 m - a +0 cloak (worn)
Jewellery
 d - a cursed -3 ring of slaying (left hand)
 p - an amulet of the gourmand (around neck)
Scrolls
 h - a scroll of fear {unknown}
 j - a scroll of remove curse {unknown}
 n - 2 scrolls of identify
Potions
 e - 2 potions of resistance {unknown}
 f - 2 potions of lignification
 i - 2 potions of flight {unknown}
 k - a potion of brilliance {unknown}
Books
 b - a book of Necromancy

   Spells                             Type                      Level
   a - Pain                           Necromancy                   1
   b - Animate Skeleton               Necromancy                   1
   c - Vampiric Draining              Necromancy                   3
   d - Regeneration                   Charms/Necromancy            3
   e - Animate Dead                   Necromancy                   4
   f - Control Undead                 Necromancy                   4
Comestibles
 c - 5 bread rations
 g - a meat ration
 o - 4 chunks of flesh


   Skills:
 - Level 1.5 Dodging
 - Level 2.4 Stealth
 + Level 3.3 Spellcasting
 * Level 5.7 Necromancy


You had 2 spell levels left.
You knew the following spells:

 Your Spells              Type           Power        Failure   Level  Hunger
a - Pain                  Necr           ###.         1%          1    None
b - Animate Skeleton      Necr           N/A          1%          1    None
c - Vampiric Draining     Necr           ###.......   6%          3    ###....
d - Regeneration          Chrm/Necr      ##........   17%         3    ###....


Dungeon Overview and Level Annotations

Branches:
Dungeon (4/15)
 Temple: D:4-7

Altars:
Ashenzari
Cheibriados
Kikubaaqudgha
Pakellas
Trog
Yredelemnul

Annotations:
D:4 Eptagon's ghost, amateur DECj


Innate Abilities, Weirdness & Mutations

You have extremely sharp teeth.
Your natural rate of healing is unusually fast.
When hurt, damage is shared between your health and your magic reserves.
Your bite disrupts and absorbs the magic of your enemies.
Potions and wands cannot restore your health.
You are immune to rotting.


Message History

Kikubaaqudgha accepts your kill. The orc priest hits you with a club.
* * * LOW HITPOINT WARNING * * *
You climb upwards.
There is a stone staircase leading down here.
You hit the orc priest but do no damage.
The orc priest hits you with a club.
* * * LOW HITPOINT WARNING * * *
You hit the orc priest but do no damage.
You bite the orc priest, but do no damage.
The orc priest barely misses you.
You barely miss the orc priest.
The orc priest invokes the aid of Beogh against you.
Pain shoots through your body!
* * * LOW HITPOINT WARNING * * *
You barely miss the orc priest.
You bite the orc priest, but do no damage.
The orc priest hits you with a club.
You die...
Kikubaaqudgha rasps: "You have failed me!
Welcome... death!"

##...## #.###.##(#
#.....## #.###.##.#
.......###.##.....#
........##.#...#..#
........'.........#
........####...#.##
.......## ##.##.#
#.....## ####.#
##...## ###@#
..#'####### #..o#
#.#.......# #.###
#.#รท#####.# #.#
#.#.## #.# #.#
#....####.####.#
#..............#
......###.######
..#.......#


You could see an orc priest.

Vanquished Creatures
  6 adders (D:2)
  2 oozes
  A worm (D:2)
  2 orcs (D:4)
  6 bats
  A giant cockroach (D:1)
  10 goblins
  10 hobgoblins
  4 jackals (D:1)
  7 kobolds
  3 quokkas (D:2)
  2 ball pythons
  5 giant newts
  3 rats
62 creatures vanquished.

Notes
Turn   | Place    | Note
--------------------------------------------------------------
     0 | D:1      | Oddball22 the Vine Stalker Necromancer began the quest for the Orb.
     0 | D:1      | Reached XP level 1. HP: 9/9 MP: 4/4
   139 | D:1      | Reached XP level 2. HP: 10/13 MP: 4/6
   463 | D:1      | Reached XP level 3. HP: 12/16 MP: 1/7
   870 | D:2      | Reached skill level 5 in Necromancy
   985 | D:2      | Reached XP level 4. HP: 18/21 MP: 1/9
  1076 | D:2      | Found an ancient bone altar of Kikubaaqudgha.
  1122 | D:2      | Became a worshipper of Kikubaaqudgha
  1471 | D:2      | Found a shattered altar of Ashenzari.
  1579 | D:2      | Found a basalt altar of Yredelemnul.
  1616 | D:2      | Found an oddly glowing altar of Pakellas.
  1802 | D:3      | Reached XP level 5. HP: 24/24 MP: 8/10
  2361 | D:3      | Learned a level 1 spell: Animate Skeleton
  2365 | D:3      | Learned a level 3 spell: Vampiric Draining
  2369 | D:3      | Learned a level 3 spell: Regeneration
  2614 | D:4      | Noticed Eptagon's ghost (amateur DECj)
  2659 | D:4      | Found a bloodstained altar of Trog.
  2664 | D:4      | Found a snail-covered altar of Cheibriados.
  2782 | D:3      | HP: 1/24 [orc priest/nerve-wracking pain (5)]
  2783 | D:3      | Slain by an orc priest

Vault maps used:
D:1:      dpeg_arrival_castle
D:2:      kiku_gazebo_pond_becter, old_standard_altar,
          yredelemnul_altar_generic, evilmike_ruin_ashenzari
D:3:      first_bread
D:4:      grunt_temple_overflow_opulence, grunt_temple_overflow_open,
          grunt_pakellas_basics

Action                   |  1- 3 |  4- 6 || total
-------------------------+-------+-------++-------
Melee: Unarmed           |    19 |    13 ||    32
 Cast: Pain              |    42 |    73 ||   115
       Regeneration      |       |     1 ||     1
  Use: Scroll            |     1 |     2 ||     3
 Stab: Sleeping          |       |     2 ||     2
  Eat: Chunk             |     1 |     5 ||     6
